 Dungeon Crawl Stone Soup version 0.31-a0-321-g19405a7a6a (webtiles) character file.

Game seed: 1679581623974939680

74 LeprechaunX the Changeling (level 4, -2/30 HPs)
             Began as an Octopode Shapeshifter on July 18, 2023.
             Slain by Sigmund
             ... wielding a +0 scythe
              (6 damage)
             ... on level 2 of the Dungeon.
             The game lasted 00:02:04 (1116 turns).

LeprechaunX the Changeling (Octopode Shapeshifter)  Turns: 1116, Time: 00:02:05

Health: -2/30      AC:  1    Str: 16    XL:     4   Next: 28%
Magic:  4/4        EV: 13    Int: 10    God:
Gold:   99         SH:  0    Dex: 12    Spells: 3/3 levels left

rFire   . .          .
                       - Unarmed
rCold   . . .        (no shield)
rNeg    . . .        (helmet currently unavailable)
rPois   .            (no amulet)
rElec   .            (no ring)
rCorr   .            (no ring)
SInv    .            (no ring)
Will    .....        (no ring)
Stlth   ++           (no ring)
HPRegen 0.25/turn    (no ring)
MPRegen 0.09/turn    (no ring)
                     (no ring)

%: no passive effects
@: beast-form
A: beast (slay +2), almost no armour, amphibious, 8 rings, camouflage 1,
gelatinous body 1, (nimble swimmer 1), tentacles
a: Begin Untransformation


You were on level 2 of the Dungeon.
You were a hulking beast.
You visited 1 branch of the dungeon, and saw 2 of its levels.

You collected 99 gold pieces.

Inventory:

Jewellery
 f - a ring of see invisible
Talismans
 b - a beast talisman
Scrolls
 c - 3 scrolls of identify {unknown}
 d - a scroll of fog {unknown}
 g - a scroll of teleportation {unknown}
 j - 2 scrolls of fear {unknown}
Potions
 e - 2 potions of enlightenment {unknown}
 h - a potion of might {unknown}
 i - a potion of curing {unknown}
 k - a potion of mutation {unknown}


   Skills:
 + Level 2.5 Fighting
 + Level 2.4 Dodging
 * Level 3.1 Unarmed Combat
 * Level 3.5 Shapeshifting


You had 3 spell levels left.
You didn't know any spells.
Your spell library contained the following spells:

 Spells                   Type           Power      Damage    Failure   Level
 Magic Dart               Conj           0%         1d3       36%         1
 Call Imp                 Summ           0%         N/A       50%         2
 Mephitic Cloud           Conj/Pois/Air  0%         N/A       75%         3


Dungeon Overview and Level Annotations

Branches:
Dungeon (2/15)

Altars:
Qazlal

Shops:
D:2 *

Annotations:
D:2 Sigmund


Innate Abilities, Weirdness & Mutations

You are a hulking beast.
Your limbs bulge with bestial killing power. (Slay +2)
You cannot wear most types of armour.
You are amphibious.
You can wear up to eight rings at the same time.
Your skin changes colour to match your surroundings (Stealth+).
Your rubbery body absorbs attacks. (AC +1, EV +1)
((You are camouflaged when in or above water. (Stealth+)))
You have tentacles for arms and can constrict up to eight enemies at once.


Message History

You closely miss something. You miss something.
You hear some strange, mumbled words.
A puff of flame appears from out of thin air!
The puff of flame hits you but does no damage.
You hit something but do no damage.
You hear some strange, mumbled words.
A magic dart appears from out of thin air!
The magic dart hits you but does no damage.
You closely miss something. Something hits you but does no damage.
You hit something but do no damage. You hit something. Something hits you.
* * * LOW HITPOINT WARNING * * *
You hit something.
You hear some strange, mumbled words.
A magic dart appears from out of thin air!
The magic dart hits you but does no damage.
You hit something but do no damage. Something hits you.
* * * LOW HITPOINT WARNING * * *
You hit something but do no damage. You hit something but do no damage.
Something hits you but does no damage.
You hit something.
Your transformation is almost over.
You barely miss something. Something hits you.
* * * LOW HITPOINT WARNING * * *
You closely miss something. Something hits you but does no damage.
You hit something. You closely miss something.
Something hits you but does no damage.
You closely miss something.
Sigmund appears from thin air!
Reactivating autopickup.
You hit Sigmund.
Sigmund is severely wounded.
Sigmund gestures wildly while chanting.
Sigmund flickers and vanishes!
Deactivating autopickup; reactivate with Ctrl-A.
You hit something. Something hits you but does no damage.
You miss something.
You feel less wooden.
You turn into a hulking beast.
Something hits you.
You die...

.. #.# #.# #.# #.#
##+####'######
#####............#
#...'............#
#{h..........#
##....#...####
.....##.###.#####
......##...#>....#####
.......####.#...#).....
######## .###.####### #
..# #... #.#.......


There were no monsters in sight!

Vanquished Creatures
  3 gnolls (D:2)
  A worm (D:2)
  A dart slug (D:2)
  5 bats
  4 endoplasms (D:2)
  4 giant cockroaches
  7 goblins
  2 hobgoblins (D:2)
  A quokka (D:1)
  A ball python (D:1)
  4 kobolds (D:2)
  4 rats (D:1)
37 creatures vanquished.

Notes
Turn   | Place    | Note
-------+----------+-------------------------------------------
     0 | D:1      | LeprechaunX the Octopode Shapeshifter began the quest for
                  | the Orb.
     0 | D:1      | Reached XP level 1. HP: 14/14 MP: 1/1
   148 | D:1      | Reached XP level 2. HP: 19/19 MP: 2/2
   422 | D:2      | Found Veuroumm's General Store.
   574 | D:2      | Reached XP level 3. HP: 19/24 MP: 3/3
   668 | D:2      | Found a stormy altar of Qazlal.
   688 | D:2      | Reached XP level 4. HP: 28/30 MP: 4/4
   813 | D:2      | Noticed Sigmund
  1116 | D:2      | Slain by Sigmund

Illustrated notes

Levels and vault maps discovered:
D:1:      reono_arrival_forest_river, layout_basic, corexii_hall_statues_deadend
D:2:      layout_basic, basic_altar, shapermc_ecumenical_altar_petra,
          serial_shops, nicolae_shop_window_shopping, uniq_sigmund

Skill      XL: |  1  2  3  4 |
---------------+-------------+-----
Unarmed Combat | 3 |  3.1
Fighting       | |  2.5
Dodging        | |  2.4
Shapeshifting  | |  3.5

Action                     |  1- 3 |  4- 6 || total
---------------------------+-------+-------++-------
  Melee: Unarmed           |    42 |    61 ||   103
         Constrict         |    15 |     3 ||    18
         Tentacles         |    10 |     5 ||    15
         Punch             |     1 |     1 ||     2
    Use: Potion            |       |     1 ||     1
   Stab: Sleeping          |     4 |     1 ||     5
 Armour: Skin              |     7 |    18 ||    25
  Dodge: Dodged            |    25 |    11 ||    36

Table legend: (Time is in decaauts)
 A = Elapsed time spent in this place.
 B = Non-inter-level travel time spent in this place.
 C = Inter-level travel time spent in this place.
 D = Time resting spent in this place.
 E = Time spent auto-exploring this place.
 F = Levels seen in this place.
 G = Mean time per level.
                   A        B        C        D        E       F      G
               +--------+--------+--------+--------+--------+-----+--------+
         Total |   1110 |   1037 |     73 |      0 |    700 |   2 |  555.0 |
       Dungeon |   1110 |   1037 |     73 |      0 |    700 |   2 |  555.0 |
               +--------+--------+--------+--------+--------+-----+--------+

Top non-repeatable levels by time:
     D:2: 637 daAuts
     D:1: 472 daAuts
